 Dungeon Crawl Stone Soup version 0.29-a0-334-gb41bcbb86e (webtiles) character file.

Game seed: 17635076703019049643

10 BritishOli the Skirmisher (level 2, 16/24 HPs)
             Began as a Demonspawn Monk on Apr 14, 2022.
             Got out of the dungeon alive.
             The game lasted 00:00:28 (274 turns).

BritishOli the Skirmisher (Demonspawn Monk)          Turns: 274, Time: 00:00:29

Health: 16/24      AC:  2    Str: 11    XL:     2   Next: 10%
Magic:  2/2        EV: 13    Int: 13    God:
Gold:   13         SH:  0    Dex: 15    Spells: 1/1 levels left

rFire   . . .      SeeInvis .   a - +0 falchion
rCold   . . .      Faith    .   (no shield)
rNeg    . . .      Spirit   .   b - +0 robe
rPois   .          Reflect  .   (no helmet)
rElec   .          Harm     .   (no cloak)
rCorr   .          Rampage  .   (no gloves)
Will    .....                   (no boots)
Stlth   ++........              (no amulet)
HPRegen 0.08/turn               (no ring)
MPRegen 0.08/turn               (no ring)

@: no status effects
A: big brain 1
a: no special abilities


You escaped.
You visited 1 branch of the dungeon, and saw 1 of its levels.

You collected 13 gold pieces.

Inventory:

Hand Weapons
 a - a +0 falchion (weapon)
Armour
 b - a +0 robe (worn)
Potions
 c - a potion of ambrosia


   Skills:
 + Level 3.1 Fighting
 + Level 2.8 Long Blades
 + Level 0.1 Armour
 + Level 2.8 Dodging
 - Level 2.0 Stealth


You had one spell level left.
You didn't know any spells.
Your spell library was empty.

Dungeon Overview and Level Annotations

Branches:
Dungeon (1/15)

Altars:


Innate Abilities, Weirdness & Mutations

You have an unusually large brain. (Int +2)


Message History

You closely miss the bat. The bat hits you but does no damage.
You slash the bat!
You kill the bat!
You have reached level 2!
Your demonic ancestry asserts itself...
Your brain expands.
(D) Dungeon
Where to? (? - help)
Okay, then.
You see here a bat corpse.
Found a scroll labelled ERUIXY JIO.
A kobold comes into view. It is wielding a +0 short sword.
A kobold comes into view. It is wielding a +1 dagger of speed.
The kobold shouts!
You barely miss the kobold.
The kobold shouts!
The kobold misses you. The kobold closely misses you.
You hit the kobold.
You kill the kobold!
The kobold hits you with a +1 dagger of speed.
You hit the kobold.
The kobold is severely wounded.
The kobold hits you but does no damage.
The kobold hits you with a +1 dagger of speed.
You hit the kobold but do no damage.
The kobold is severely wounded.
The kobold closely misses you.
The kobold hits you with a +1 dagger of speed.
You slash the kobold!
You kill the kobold!
No target in view!
No target in view!
No target in view!
No target in view!
You see here a +1 dagger of speed.
As you open the door, it creaks loudly!
There is an open door here.
There is a staircase leading out of the dungeon here.
Are you sure you want to leave the Dungeon?
This will make you lose the game!
You have escaped!

...................#
...............#####
...#...##.....###
..#>#..###....'.#
..)#...######.#.#
.......##...###.#
....†.†##.#...#.#
###...##..###.#.##
.....###.## #.'.@#
###.## #.# ###.##
#.####.# #.#
#...##.# #.#
###.##.# #.# #.##.#
+.# #.##.# ###
#.##.# #.##.#


There were no monsters in sight!

Vanquished Creatures
  An endoplasm (D:1)
  A giant cockroach (D:1)
  A goblin (D:1)
  3 kobolds (D:1)
  A quokka (D:1)
  A bat (D:1)
  A rat (D:1)
9 creatures vanquished.

Notes
Turn   | Place    | Note
-------+----------+-------------------------------------------
     0 | D:1      | BritishOli the Demonspawn Monk began the quest for the Orb.
     0 | D:1      | Reached XP level 1. HP: 18/18 MP: 1/1
   233 | D:1      | Gained mutation: You have an unusually large brain. (Int
                  | +2) [demonic ancestry]
   233 | D:1      | Reached XP level 2. HP: 21/24 MP: 2/2
   274 | D:$      | Got out of the dungeon alive.

Illustrated notes

Levels and vault maps discovered:
D:1:      minmay_arrival_three_doors, layout_rooms, serial_shops,
          shop_fountains, hellmonk_ecumenical_altar_heavens_door, st_stairs_14,
          chequers_avenue

Skill      XL: |  1 |
---------------+----+-----
Stealth        | 2 |  2.0
Fighting       | |  3.1
Long Blades    | |  2.8
Armour         | |  0.1
Dodging        | |  2.8

Action                   || total
-------------------------++-------
Melee: Falchion          ||    27
Armor: Robe              ||     7
Dodge: Dodged            ||    14

Table legend: (Time is in decaauts)
 A = Elapsed time spent in this place.
 B = Non-inter-level travel time spent in this place.
 C = Inter-level travel time spent in this place.
 D = Time resting spent in this place.
 E = Time spent auto-exploring this place.
 F = Levels seen in this place.
 G = Mean time per level.
                   A        B        C        D        E       F      G
               +--------+--------+--------+--------+--------+-----+--------+
         Total |    278 |    250 |     28 |      0 |    192 |   1 |  278.0 |
       Dungeon |    278 |    250 |     28 |      0 |    192 |   1 |  278.0 |
               +--------+--------+--------+--------+--------+-----+--------+

Top non-repeatable levels by time:
     D:1: 278 daAuts
